Map: Kairos Junction LE

Players

liquidthermy (uThermal) - Winner!

  • Race: Terran Terran
  • League: Master
  • Spawn Location: 5:00

Bunny

  • Race: Terran Terran
  • League: Diamond
  • Spawn Location: 11:00

Event: IEM Season 13 - Katowice Server Qualifiers Europe

VOD

Have the link to the VOD?

Description

Time

  • Played on: Jan. 8, 2019, 12:32 p.m.
  • Length: 14:29

All games in this series

Show
View Real Time Build Order
Export as new Build Order

liquidthermy Terran - Winner!

Build Orders: 1/1/1 

Get SALT Encoding   

  12  0:01  SCV  
  13  0:13  SCV  
  14  0:17  Supply Depot  
  14  0:25  SCV  
  14  0:27  Refinery  
  15  0:38  SCV  
  16  0:44  Barracks  
  16  0:50  SCV  
  16  0:54  Refinery  
  17  1:03  SCV  
  18  1:15  SCV  
  19  1:31  Reaper, Orbital Command  
  20  1:34  Factory  
  20  1:43  Supply Depot  
  20  1:57  SCV  
  21  2:03  Reaper  
  22  2:09  SCV  
  23  2:18  Hellion  
  23  2:20  Starport  
  23  2:21  SCV  
  26  2:33  SCV  
  26  2:35  Supply Depot  
  26  2:36  Barracks Tech Lab  
  27  2:39  Hellion  
  29  2:54  Command Center  
  29  3:01  Hellion  
  29  3:03  Raven  
  33  3:06  SCV  
  33  3:11  Barracks Reactor  
  34  3:16  Supply Depot  
  34  3:18  SCV  
  35  3:28  Factory Tech Lab  
  35  3:30  SCV  
  36  3:36  Refinery  
  36  3:43  SCV  
  36  3:47  Siege Tank  
  40  3:55  SCV  
  41  4:06  Orbital Command  
  41  4:07  Marine  
  41  4:08  Viking x2  
  41  4:09  SCV  
  45  4:21  SCV  
  46  4:27  Marine  
  41  4:33  SCV  
  41  4:35  SCV  
  41  4:36  Siege Tank  
  44  4:42  Viking  
  44  4:45  SCV  
  47  4:48  Viking  
  47  4:50  SCV  
  50  4:54  Marine  
  50  4:57  SCV  
  52  5:02  SCV  
  53  5:07  Supply Depot  
  53  5:08  Siege Tank  
  53  5:09  SCV  
  53  5:13  Viking  
  59  5:14  SCV  
  59  5:18  Refinery  
  59  5:20  Viking  
  62  5:24  Supply Depot  
  62  5:28  Marine  
  62  5:29  SCV x2  
  65  5:39  Supply Depot  
  65  5:40  Siege Tank  
  65  5:41  SCV x2  
  70  5:45  Viking  
  72  5:50  Viking  
  72  5:52  Supply Depot  
  72  5:53  SCV  
  75  5:57  Marine, SCV  
  75  6:01  Stimpack  
  76  6:05  SCV  
  76  6:09  SCV  
  78  6:14  Siege Tank  
  78  6:17  SCV  
  78  6:18  Supply Depot  
  82  6:19  Viking  
  82  6:21  SCV  
  85  6:29  SCV  
  74  6:33  SCV  
  74  6:35  Liberator x2  
  72  6:41  SCV  
  72  6:46  SCV  
  74  6:53  SCV  
  81  6:54  Marine  
  81  6:56  Command Center  
  81  6:58  SCV, Siege Tank  
  86  7:06  SCV  
  87  7:10  SCV, Engineering Bay x2  
  88  7:18  SCV  
  88  7:22  SCV  
  90  7:25  Barracks  
  90  7:26  Barracks  
  90  7:27  Marine  
  91  7:30  Siege Tank  
  91  7:35  SCV  
  95  7:38  SCV  
  92  7:44  Marine  
  92  7:47  SCV  
  92  7:50  SCV  
  86  7:58  Viking  
  79  7:59  SCV  
  79  8:01  Barracks x2, Terran Infantry Armor Level 1, Terran Infantry Weapons Level 1  
  79  8:02  SCV, Siege Tank  
  79  8:04  Combat Shield  
  82  8:10  Orbital Command  
  82  8:16  Sensor Tower  
  82  8:20  SCV  
  82  8:21  Missile Turret  
  82  8:22  Missile Turret  
  82  8:25  Barracks Reactor  
  82  8:26  Barracks Reactor  
  83  8:27  Marine  
  83  8:29  SCV  
  83  8:31  Viking  
  87  8:35  SCV  
  87  8:40  Refinery  
  87  8:41  Viking, Refinery, SCV  
  90  8:43  Missile Turret  
  90  8:45  Marine  
  89  8:50  Missile Turret  
  89  8:51  Missile Turret, Barracks Reactor x2  
  89  8:52  SCV  
  89  8:53  SCV  
  91  8:56  Bunker  
  91  9:01  Siege Tank  
  94  9:02  Marine  
  94  9:04  Marine  
  94  9:05  Marine x3  
  94  9:08  Missile Turret  
  94  9:09  Missile Turret  
  99  9:15  Armory  
  99  9:17  Supply Depot  
  99  9:18  Medivac  
  99  9:20  Marine  
  99  9:22  Marine, Medivac  
  99  9:23  Marine x3  
  108  9:27  Marine x4  
  112  9:33  Siege Tank  
  115  9:38  Marine  
  115  9:40  Marine x4, Supply Depot  
  115  9:41  Supply Depot  
  115  9:45  Marine x3, Supply Depot  
  122  9:47  Marine  
  124  9:54  Medivac  
  124  9:56  Marine  
  124  9:59  Marine, Medivac  
  119  10:01  Marine x2  
  119  10:02  Marine  
  119  10:03  Marine  
  119  10:04  Marine  
  116  10:07  Marine  
  116  10:08  Marine  
  116  10:14  Marine  
  116  10:16  Marine  
  116  10:19  Marine x2  
  116  10:20  Marine x2  
  112  10:22  Marine  
  112  10:24  Siege Tank, Medivac  
  112  10:25  Marine x2  
  120  10:29  Terran Infantry Weapons Level 2, Medivac  
  120  10:32  Marine  
  120  10:33  Terran Infantry Armor Level 2  
  120  10:34  Marine  
  124  10:37  Marine  
  124  10:42  Marine x3  
  127  10:44  Sensor Tower  
  127  10:45  Marine  
  127  10:46  Marine x2  
  127  10:49  Marine  
  131  10:52  Marine  
  131  10:56  Siege Tank  
  135  10:58  Marine  
  135  11:02  Marine  
  117  11:05  Marine  
  117  11:06  Marine x2  
  117  11:08  Marine x2, Medivac  
  117  11:10  Marine x2  
  108  11:16  Marine  
  106  11:19  Marine  
  106  11:23  Marine  
  106  11:24  Marine x2, Medivac  
  104  11:26  Marine x2  
  104  11:28  Marine x2, Siege Tank  
  104  11:31  Terran Vehicle Weapons Level 1  
  109  11:34  Marine, SCV x2  
  109  11:37  Marine  
  113  11:40  Marine  
  113  11:42  Marine x2  
  113  11:43  Sensor Tower  
  113  11:46  Marine x2  
  118  11:49  Medivac  
  118  11:52  Marine x2  
  122  11:57  Marine  
  122  11:58  Marine  
  122  12:00  Marine, Siege Tank  
  129  12:04  Marine  
  129  12:05  Marine  
  129  12:07  Marine  
  131  12:13  Marine x2  
  131  12:14  Marine, Medivac  
  136  12:25  Marine, Command Center  
  136  12:26  Marine x2  
  139  12:30  Marine x2  
  139  12:31  Supply Depot  
  139  12:32  Siege Tank  
  139  12:35  Marine x2  
  144  12:44  Marine, Medivac  
  146  12:52  Marine, Medivac  
  146  12:54  Marine  
  143  12:59  Marine x2  
  143  13:03  Marine x2  
  143  13:04  Siege Tank  
  143  13:05  SCV x3  
  152  13:06  Marine x2  
  152  13:07  Marine  
  152  13:10  Marine  
  157  13:14  Supply Depot  
  157  13:16  Marine  
  157  13:17  Supply Depot  
  157  13:19  SCV  
  155  13:22  Viking  
  157  13:33  Marine x2, Viking  
  155  13:34  Marine  
  155  13:35  Marine x2  
  155  13:40  Marine, SCV x2  
  159  13:48  Marine  
  159  13:49  Marine  
  159  13:50  Marine  
  159  13:51  Planetary Fortress  
  159  13:52  Viking  
  159  13:55  Marine  
  161  13:56  Marine  
  161  14:01  Marine, SCV x2  
  161  14:02  Marine x2  
  164  14:03  Marine  
  164  14:06  Marine x2  
  164  14:07  Marine  
Show
View Real Time Build Order
Export as new Build Order

Bunny Terran 

Build Orders: Reaper Expand 

Get SALT Encoding   

  12  0:01  SCV  
  13  0:13  SCV  
  14  0:18  Supply Depot  
  14  0:25  SCV  
  15  0:39  SCV  
  15  0:41  Barracks  
  16  0:44  Refinery  
  16  0:51  SCV  
  17  1:03  SCV  
  18  1:15  SCV  
  19  1:28  Reaper  
  19  1:29  Orbital Command  
  20  1:43  Command Center  
  20  1:54  SCV, Supply Depot  
  20  2:00  Marine  
  22  2:06  SCV  
  23  2:10  Factory  
  23  2:18  SCV  
  23  2:19  Refinery  
  23  2:22  Barracks Reactor  
  24  2:27  Bunker  
  24  2:32  SCV  
  25  2:44  SCV  
  26  2:54  Hellion  
  26  2:55  Starport  
  26  2:56  Orbital Command  
  28  3:00  Marine x2  
  28  3:04  SCV  
  31  3:18  Marine x2, Factory Tech Lab, SCV  
  34  3:23  SCV  
  35  3:31  SCV  
  36  3:35  SCV, Supply Depot  
  36  3:36  Marine x2  
  39  3:42  Raven  
  39  3:43  SCV  
  39  3:44  Factory Tech Lab  
  42  3:50  SCV  
  42  3:53  Marine  
  42  3:54  Marine  
  42  3:55  SCV  
  46  4:03  SCV  
  46  4:07  SCV  
  46  4:08  Siege Tank  
  51  4:12  Marine x2  
  52  4:17  SCV  
  52  4:19  SCV  
  52  4:21  Refinery  
  52  4:23  Refinery  
  53  4:29  SCV  
  52  4:31  SCV  
  53  4:41  SCV  
  54  4:47  Supply Depot  
  54  4:48  Supply Depot  
  54  4:50  SCV  
  53  4:56  Stimpack  
  53  5:03  Marine  
  54  5:08  Viking x2  
  54  5:09  SCV, Siege Tank  
  54  5:10  SCV  
  54  5:12  Barracks  
  54  5:13  Barracks  
  54  5:14  Supply Depot  
  63  5:22  SCV x2  
  63  5:23  Marine  
  66  5:31  Engineering Bay  
  66  5:34  SCV x2  
  68  5:38  Viking x2  
  68  5:41  Marine, Siege Tank  
  76  5:49  Supply Depot  
  76  5:50  Supply Depot  
  76  5:54  SCV x2  
  76  5:56  Supply Depot  
  77  5:59  Marine, Barracks Reactor  
  77  6:00  Barracks Reactor  
  77  6:01  Terran Infantry Weapons Level 1  
  77  6:02  Supply Depot  
  78  6:11  Viking x2  
  82  6:19  Siege Tank  
  82  6:28  Marine  
  72  6:36  SCV x2  
  66  6:41  Marine x3, Viking  
  66  6:42  Marine  
  66  6:46  Marine  
  74  6:51  SCV x2, Siege Tank  
  74  6:52  Supply Depot  
  79  6:56  Supply Depot  
  79  6:59  Marine x4  
  83  7:02  Combat Shield  
  83  7:03  Marine  
  83  7:07  Starport  
  82  7:19  Marine x3  
  82  7:20  Marine  
  82  7:21  Marine  
  87  7:23  Siege Tank  
  87  7:28  Starport Reactor  
  87  7:29  Supply Depot  
  86  7:37  Marine x4  
  80  7:44  Marine  
  61  7:52  SCV  
  61  7:53  SCV  
  61  7:55  Marine x4  
  61  7:57  Factory Tech Lab  
  65  8:00  Medivac  
  65  8:02  Marine  
  68  8:06  Medivac  
  68  8:08  Medivac  
  72  8:13  Marine x4  
  72  8:16  Siege Tank  
  79  8:20  Marine  
  79  8:24  Terran Infantry Armor Level 1  
  80  8:30  Marine  
  80  8:31  Marine x3  
  84  8:34  Medivac  
  84  8:40  Marine  
  82  8:44  Medivac x2  
  86  8:48  Marine  
  86  8:49  Marine x2  
  86  8:50  Siege Tank  
  86  8:51  Marine  
  93  8:58  Marine  
  94  9:06  Marine x3  
  94  9:09  Marine  
  98  9:16  Marine  
  99  9:20  Command Center  
  99  9:22  Siege Tank  
  102  9:24  Marine x3  
  102  9:27  Marine  
  102  9:30  Barracks  
  106  9:33  Marine  
  105  9:42  Marine x3  
  105  9:45  Marine  
  108  9:51  Marine, Viking x2  
  98  10:00  Marine x2, Siege Tank  
  98  10:03  Marine x2  
  98  10:06  Viking  
  106  10:09  Marine  
  101  10:17  Marine  
  101  10:18  Marine  
  101  10:21  Marine, Viking  
  97  10:22  Barracks Reactor  
  97  10:26  Marine, Barracks  
  97  10:27  Marine  
  97  10:32  Siege Tank  
  97  10:35  Marine x2, SCV x2  
  102  10:37  Orbital Command  
  102  10:39  Marine  
  105  10:44  Marine  
  105  10:45  Marine  
  107  10:53  Marine  
  106  11:01  Marine x4  
  93  11:06  Marine  
  93  11:07  Marine  
  93  11:11  Marine  
  83  11:19  Marine x4  
  83  11:24  Marine x2, Siege Tank  
  89  11:28  SCV x3  
  89  11:29  Marine  
  93  11:33  Barracks Reactor  
  93  11:37  Marine x4  
  97  11:42  Marine, Medivac x2  
  97  11:43  Marine  
  97  11:46  Marine  
  104  11:54  Marine  
  104  11:55  Marine x3  
  104  12:00  Marine  
  109  12:01  Marine  
  109  12:05  Sensor Tower  
  110  12:12  Supply Depot  
  110  12:13  Marine x5, Siege Tank  
  118  12:22  Marine x4  
  121  12:30  Marine, Medivac x3  
  121  12:31  Marine  
  128  12:37  Supply Depot  
  128  12:42  Marine  
  128  12:43  Marine x4  
  133  12:45  Marine  
  133  12:46  Marine  
  131  12:51  Siege Tank  
  131  12:53  Marine x2  
  125  13:00  Marine x2  
  125  13:01  Marine x2  
  125  13:04  Marine x3  
  132  13:12  Supply Depot  
  129  13:23  Marine x5  
  129  13:24  Marine x3  
  137  13:31  Siege Tank  
  135  13:36  Marine  
  135  13:41  Marine x3  
  135  13:44  Marine  
  135  13:45  Marine  
  140  13:49  Marine x3  
  140  13:54  Marine  
  136  13:59  Marine  
  114  14:03  Marine x4  
  114  14:07  Marine x3  

Tags
 
Add a new tag
Caveats
  • Supply blocks, unpowered buildings, or Contaminate may cause inaccurate times.
  • Supply counts are checked every 10 seconds.